 Dungeon Crawl Stone Soup version 0.28-a0-1613-gdaab1c2f9b (webtiles) character file.

Game seed: 16952769134928076634

5 croobank the Firebug (level 1, -4/13 HPs)
             Began as a Formicid Fire Elementalist on Jan 22, 2022.
             Slain by a hobgoblin (5 damage)
             ... on level 1 of the Dungeon.
             The game lasted 00:01:20 (445 turns).

croobank the Firebug (Formicid Fire Elementalist)    Turns: 445, Time: 00:01:21

Health: -4/13      AC:  2    Str: 12    XL:     1   Next: 88%
Magic:  1/3        EV: 12    Int: 14    God:
Gold:   25         SH:  0    Dex: 11    Spells: 3/4 levels left

rFire   . . .      SeeInvis +   (no weapon)
rCold   . . .      Faith    .   (no shield)
rNeg    . . .      Spirit   .   a - +0 robe
rPois   .          Reflect  .   (helmet unavailable)
rElec   .          Harm     .   (no cloak)
rCorr   .          Rampage  .   (no gloves)
Will    .....                   (no boots)
Stlth   ++........              (no amulet)
HPRegen 0.04/turn               (no ring)
MPRegen 0.08/turn               (no ring)

@: no status effects
A: permanent stasis, dig shafts and tunnels, antennae 3, four strong arms
a: Dig, Shaft Self


You were on level 1 of the Dungeon.
You visited 1 branch of the dungeon, and saw 1 of its levels.

You collected 25 gold pieces.

Inventory:

Missiles
 b - 33 stones
Armour
 a - a +0 robe (worn)
 c - a +0 ring mail
Potions
 d - 2 potions of magic {unknown}


   Skills:
 + Level 1.9 Dodging
 + Level 2.6 Stealth
 + Level 2.3 Spellcasting
 + Level 1.0 Conjurations
 + Level 3.0 Fire Magic


You had 3 spell levels left.
You knew the following spells:

 Your Spells              Type           Power      Damage    Failure   Level
a - Foxfire               Conj/Fire      28%        2x1d5     10%         1

Your spell library contained the following spells:

 Spells                   Type           Power      Damage    Failure   Level
 Scorch                   Fire           20%        2d6       10%         2
 Conjure Flame            Conj/Fire      7%         6-21      30%         3
 Inner Flame              Hex/Fire       5%         N/A       36%         3
 Flame Wave               Conj/Fire      7%         2d5       69%         4


Dungeon Overview and Level Annotations

Branches:
Dungeon (1/15)

Altars:


Innate Abilities, Weirdness & Mutations

You cannot be hasted, slowed, berserked, paralysed or teleported.
You can dig through walls and to a lower floor.
You have a pair of large antennae on your head. (SInv)
Your four strong arms can wield two-handed weapons with a shield.


Message History

You now have 25 gold pieces (gained 11).
There are no items here.
You start resting.
Magic restored.
You start resting.
You sense a monster nearby.
You start resting.
A hobgoblin comes into view. It is wielding a +1 dagger of speed.
Casting: Foxfire (safe; 10% risk of failure)
Confirm with . or Enter, or press ? or * to list all spells.
You conjure some foxfire!
Casting: Foxfire (safe; 10% risk of failure)
Confirm with . or Enter, or press ? or * to list all spells.
You conjure some foxfire!
The foxfire hits the hobgoblin.
The hobgoblin is heavily wounded.
The foxfire hits the hobgoblin but does no damage.
The hobgoblin is heavily wounded.
You closely miss the hobgoblin.
The hobgoblin is moderately wounded.
The foxfire hits the hobgoblin.
The hobgoblin is severely wounded.
The foxfire hits the hobgoblin.
The hobgoblin is almost dead.
The hobgoblin closely misses you.
You barely miss the hobgoblin.
The hobgoblin is almost dead.
The hobgoblin closely misses you.
The hobgoblin hits you with a +1 dagger of speed.
You hit the hobgoblin but do no damage.
The hobgoblin is almost dead.
The hobgoblin hits you with a +1 dagger of speed.
You hit the hobgoblin but do no damage.
The hobgoblin is almost dead.
The hobgoblin hits you with a +1 dagger of speed.
* * * LOW HITPOINT WARNING * * *
The hobgoblin barely misses you.
You hit the hobgoblin but do no damage.
The hobgoblin is almost dead.
The hobgoblin hits you with a +1 dagger of speed.
You die...

#.§≈≈≈≈..####..≈≈≈≈.. #
##.≈≈§≈≈≈......≈≈≈≈≈≈. #
#..≈§§≈≈≈......≈≈≈≈≈≈.
####..≈§§≈≈≈......≈≈≈≈≈≈.
.......§≈≈§...##...≈≈≈≈.
..............#.........
......#######...##..##..
.......# #....÷†......#
###......#..###.@##.##..
#........ #g## .$ .
##..>.........# $.
##.#.#.#####.# #.# #..
#.# #.# #.# ...


You could see a hobgoblin.

Vanquished Creatures
  A bat (D:1)
  An endoplasm (D:1)
  A hobgoblin (D:1)
  2 frilled lizards (D:1)
5 creatures vanquished.

Vanquished Creatures (others)
  8 foxfires (D:1)
8 creatures vanquished.

Grand Total: 13 creatures vanquished

Notes
Turn   | Place    | Note
-------+----------+-------------------------------------------
     0 | D:1      | croobank the Formicid Fire Elementalist began the quest for
                  | the Orb.
     0 | D:1      | Reached XP level 1. HP: 13/13 MP: 3/3
   235 | D:1      | Reached skill level 1 in Conjurations
   445 | D:1      | Slain by a hobgoblin

Illustrated notes

Levels and vault maps discovered:
D:1:      dpeg_arrival_pits, layout_rooms, corexii_corridor_pit,
          minmay_box_of_dots

Skill      XL: |  1 |
---------------+----+-----
Conjurations   | 1 |  1.0
Dodging        | |  1.9
Stealth        | |  2.6
Spellcasting   | |  2.3
Fire Magic     | |  3.0

Action                   || total
-------------------------++-------
Melee: Unarmed           ||    31
 Cast: Foxfire           ||     7
 Stab: Sleeping          ||     1
Armor: Robe              ||     6
Dodge: Dodged            ||    23

Table legend: (Time is in decaauts)
 A = Elapsed time spent in this place.
 B = Non-inter-level travel time spent in this place.
 C = Inter-level travel time spent in this place.
 D = Time resting spent in this place.
 E = Time spent auto-exploring this place.
 F = Levels seen in this place.
 G = Mean time per level.
                   A        B        C        D        E       F      G
               +--------+--------+--------+--------+--------+-----+--------+
         Total |    445 |    445 |      0 |    179 |    193 |   1 |  445.0 |
       Dungeon |    445 |    445 |      0 |    179 |    193 |   1 |  445.0 |
               +--------+--------+--------+--------+--------+-----+--------+

Top non-repeatable levels by time:
     D:1: 445 daAuts
